| TOP OF THE 1ST |
|
Seattle (APP) Mariners batting - Pitching for Bluefield Blue Jays : RHP Eric Bessire
|
|
Pitching: RHP Eric Bessire
|
|
|
Batting: RHB Kikuo Sato
|
0-0: Foul Ball, location: 2F 0-1: Called Strike 0-2: Ball 1-2: Ball 2-2: Ground out 6-3 (Groundball, 6M, EV 105.0 MPH)
|
|
Batting: RHB Mike Conaway
|
0-0: Ground out 6-3 (Groundball, 6, EV 87.5 MPH)
|
|
Batting: LHB Ryan Lowe
|
0-0: Called Strike 0-1: Foul Ball, location: 2F 0-2: Ball 1-2: Ball 2-2: SINGLE (Groundball, 34D, EV 109.4 MPH)
|
|
Batting: RHB Hideo Okimura
|
0-0: Called Strike 0-1: Foul Ball, location: 2F 0-2: Ball 1-2: Strikes out swinging
|
| Top of the 1st over - 0 runs, 1 hit, 0 errors, 1 left on base; Seattle (APP) 0 - Bluefield 0 |
| BOTTOM OF THE 1ST |
|
Bluefield Blue Jays batting - Pitching for Seattle (APP) Mariners : RHP Ian Gaines
|
|
Pitching: RHP Ian Gaines
|
|
|
Batting: RHB Justin Geiger
|
0-0: Ball 1-0: DOUBLE (Flyball, 89D, EV 98.1 MPH)
|
|
Batting: RHB Jose Ontiveros
|
0-0: Ball 1-0: Foul Ball, location: 2F 1-1: DOUBLE (Line Drive, 78M, EV 87.5 MPH) Justin Geiger scores
|
|
Batting: RHB Taylor Peavey
|
0-0: Ball 1-0: Fly out, F7 (Flyball, 7S, EV 90.6 MPH)
|
|
Batting: RHB Jordan Fairburn
|
0-0: Ball 1-0: Swinging Strike 1-1: Ball 2-1: Ground out U3 (Groundball, 3L, EV 105.0 MPH) Jose Ontiveros to third
|
|
Batting: SHB Ryan Chicoine
|
0-0: Ball 1-0: Ball 2-0: Ball 3-0: Base on Balls
|
|
Batting: RHB Tokuji Kawabata
|
0-0: Swinging Strike 0-1: Called Strike 0-2: Foul Ball, location: 2F 0-2: Strikes out swinging
|
| Bottom of the 1st over - 1 run, 2 hits, 0 errors, 2 left on base; Seattle (APP) 0 - Bluefield 1 |
| TOP OF THE 2ND |
|
Seattle (APP) Mariners batting - Pitching for Bluefield Blue Jays : RHP Eric Bessire
|
|
Batting: SHB Tony Morales
|
0-0: Called Strike 0-1: Ball 1-1: Ball 2-1: Ball 3-1: Base on Balls
|
|
Batting: RHB Enrique Valdez
|
0-0: Ball 1-0: Called Strike 1-1: Fly out, F6 (Popup, 6, EV 70.0 MPH)
|
|
Batting: RHB Ivan Davila
|
0-0: Called Strike 0-1: Ball 1-1: Called Strike 1-2: Strikes out looking
|
|
Batting: RHB Franklin Romero
|
0-0: Ball 1-0: Called Strike 1-1: Called Strike 1-2: Strikes out swinging
|
| Top of the 2nd over - 0 runs, 0 hits, 0 errors, 1 left on base; Seattle (APP) 0 - Bluefield 1 |
| BOTTOM OF THE 2ND |
|
Bluefield Blue Jays batting - Pitching for Seattle (APP) Mariners : RHP Ian Gaines
|
|
Batting: RHB Rich Cracchiolo
|
0-0: Ball 1-0: Swinging Strike 1-1: Ground out 6-3 (Groundball, 56, EV 82.5 MPH)
|
|
Batting: RHB Wade Diamond
|
0-0: Swinging Strike 0-1: Called Strike 0-2: Ball 1-2: Ball 2-2: Strikes out looking
|
|
Batting: RHB Selam Chimsima
|
0-0: Ground out 5-3 (Groundball, 56, EV 82.5 MPH)
|
| Bottom of the 2nd over - 0 runs, 0 hits, 0 errors, 0 left on base; Seattle (APP) 0 - Bluefield 1 |
| TOP OF THE 3RD |
|
Seattle (APP) Mariners batting - Pitching for Bluefield Blue Jays : RHP Eric Bessire
|
|
Batting: RHB Houston Brock
|
0-0: Ball 1-0: Ball 2-0: Foul Ball, location: 2F 2-1: SINGLE (Groundball, 4MD, EV 84.4 MPH) (infield hit)
|
|
Batting: RHB Kikuo Sato
|
0-0: Called Strike 0-1: Ball 1-1: Ball 2-1: Ball 3-1: Called Strike 3-2: Foul Ball, location: 2F 3-2: Base on Balls Houston Brock to second
|
|
Batting: RHB Mike Conaway
|
0-0: Foul Ball, location: 2F 0-1: Called Strike 0-2: Strikes out swinging
|
|
Batting: LHB Ryan Lowe
|
0-0: Called Strike 0-1: Foul Ball, location: 2F 0-2: Grounds into double play, 4-6-3 (Groundball, 13, EV 87.5 MPH)
|
| Top of the 3rd over - 0 runs, 1 hit, 0 errors, 1 left on base; Seattle (APP) 0 - Bluefield 1 |
| BOTTOM OF THE 3RD |
|
Bluefield Blue Jays batting - Pitching for Seattle (APP) Mariners : RHP Ian Gaines
|
|
Batting: RHB Justin Geiger
|
0-0: Called Strike 0-1: Fly out, F9 (Line Drive, 9D, EV 95.0 MPH)
|
|
Batting: RHB Jose Ontiveros
|
0-0: Ball 1-0: Ball 2-0: Ball 3-0: Called Strike 3-1: Called Strike 3-2: Foul Ball, location: 2F 3-2: Foul Ball, location: 2F 3-2: Foul Ball, location: 2F 3-2: Base on Balls
|
|
Batting: RHB Taylor Peavey
|
0-0: Ball 1-0: Swinging Strike 1-1: Foul Ball, location: 2F 1-2: Foul Ball, location: 2F 1-2: Ball 2-2: Foul Ball, location: 2F 2-2: SINGLE (Groundball, P, EV 84.4 MPH) (infield hit) Jose Ontiveros to second
|
|
Batting: RHB Jordan Fairburn
|
0-0: Ball 1-0: Foul Ball, location: 2F 1-1: Called Strike 1-2: TRIPLE (Flyball, 89XD, EV 111.3 MPH) Jose Ontiveros scores Taylor Peavey scores
|
|
Batting: SHB Ryan Chicoine
|
0-0: Ball 1-0: Ball 2-0: Foul Ball, location: 2F 2-1: Foul Ball, location: 2F 2-2: Foul Ball, location: 2F 2-2: Ball 3-2: Base on Balls
|
|
Batting: RHB Tokuji Kawabata
|
0-0: Fly out, F4 (Popup, 4D, EV 61.3 MPH)
|
|
Batting: RHB Rich Cracchiolo
|
0-0: Ball 1-0: SINGLE (Line Drive, 78M, EV 109.4 MPH) Jordan Fairburn scores Ryan Chicoine to second
|
|
Batting: RHB Wade Diamond
|
0-0: Called Strike 0-1: Ground out 6-3 (Groundball, 6S, EV 78.1 MPH)
|
| Bottom of the 3rd over - 3 runs, 3 hits, 0 errors, 2 left on base; Seattle (APP) 0 - Bluefield 4 |
| TOP OF THE 4TH |
|
Seattle (APP) Mariners batting - Pitching for Bluefield Blue Jays : RHP Eric Bessire
|
|
Batting: RHB Hideo Okimura
|
0-0: Called Strike 0-1: Ground out 5-3 (Groundball, 56, EV 86.3 MPH)
|
|
Batting: SHB Tony Morales
|
0-0: Ball 1-0: Called Strike 1-1: Fly out, F7 (Line Drive, 7D, EV 93.8 MPH)
|
|
Batting: RHB Enrique Valdez
|
0-0: Foul Ball, location: 2F 0-1: Ball 1-1: Ground out 5-3 (Groundball, 5, EV 106.3 MPH)
|
| Top of the 4th over - 0 runs, 0 hits, 0 errors, 0 left on base; Seattle (APP) 0 - Bluefield 4 |
| BOTTOM OF THE 4TH |
|
Bluefield Blue Jays batting - Pitching for Seattle (APP) Mariners : RHP Ian Gaines
|
|
Batting: RHB Selam Chimsima
|
0-0: Ball 1-0: Ball 2-0: Called Strike 2-1: Foul Ball, location: 2F 2-2: Fly out, F8 (Flyball, 8RD, EV 91.9 MPH)
|
|
Batting: RHB Justin Geiger
|
0-0: Ball 1-0: Foul Ball, location: 2F 1-1: Foul Ball, location: 2F 1-2: Strikes out looking
|
|
Batting: RHB Jose Ontiveros
|
0-0: Fly out, F8 (Flyball, 8LM, EV 97.5 MPH)
|
| Bottom of the 4th over - 0 runs, 0 hits, 0 errors, 0 left on base; Seattle (APP) 0 - Bluefield 4 |
| TOP OF THE 5TH |
|
Seattle (APP) Mariners batting - Pitching for Bluefield Blue Jays : RHP Eric Bessire
|
|
Batting: RHB Ivan Davila
|
0-0: Ball 1-0: Called Strike 1-1: Ball 2-1: Ground out 5-3 (Groundball, 56, EV 81.9 MPH)
|
|
Batting: RHB Franklin Romero
|
0-0: Ball 1-0: Swinging Strike 1-1: Ball 2-1: Ball 3-1: Foul Ball, location: 2F 3-2: Strikes out swinging
|
|
Batting: RHB Houston Brock
|
0-0: Called Strike 0-1: Fly out, F7 (Line Drive, 7S, EV 95.6 MPH)
|
| Top of the 5th over - 0 runs, 0 hits, 0 errors, 0 left on base; Seattle (APP) 0 - Bluefield 4 |
| BOTTOM OF THE 5TH |
|
Bluefield Blue Jays batting - Pitching for Seattle (APP) Mariners : RHP Ian Gaines
|
|
Batting: RHB Taylor Peavey
|
0-0: Foul Ball, location: 2F 0-1: Ball 1-1: Swinging Strike 1-2: Ball 2-2: Ball 3-2: Foul Ball, location: 2F 3-2: SOLO HOME RUN (Flyball, 7D, EV 98.1 MPH), Distance : 377 ft
|
|
Batting: RHB Jordan Fairburn
|
0-0: Called Strike 0-1: Ball 1-1: Ball 2-1: Foul Ball, location: 2F 2-2: Foul Ball, location: 2F 2-2: DOUBLE (Line Drive, 78D, EV 106.9 MPH)
|
|
Pitching: LHP Adam Parrish
|
|
|
Batting: SHB Ryan Chicoine
|
0-0: SINGLE (Groundball, 6MD, EV 105.0 MPH) Jordan Fairburn to third
|
|
Batting: RHB Tokuji Kawabata
|
0-0: Called Strike Pickoff Throw to First - Error! E1 Jordan Fairburn scores Ryan Chicoine to second 0-1: Ball 1-1: Ball 2-1: Ball 3-1: Called Strike 3-2: Foul Ball, location: 2F 3-2: Foul Ball, location: 2F 3-2: SINGLE (Line Drive, 8RS, EV 91.9 MPH) Ryan Chicoine to third
|
|
Batting: RHB Rich Cracchiolo
|
0-0: Grounds into double play, 1-4-3 (Groundball, 25, EV 65.0 MPH)
|
|
Batting: RHB Wade Diamond
|
0-0: Swinging Strike 0-1: Foul Ball, location: 2F 0-2: Ball 1-2: Strikes out swinging
|
| Bottom of the 5th over - 2 runs, 4 hits, 1 error, 1 left on base; Seattle (APP) 0 - Bluefield 6 |
| TOP OF THE 6TH |
|
Seattle (APP) Mariners batting - Pitching for Bluefield Blue Jays : RHP Eric Bessire
|
|
Batting: RHB Kikuo Sato
|
0-0: Called Strike 0-1: Foul Ball, location: 2F 0-2: Fly out, F8 (Line Drive, 8RM, EV 100.6 MPH)
|
|
Batting: RHB Mike Conaway
|
0-0: Foul Ball, location: 2F 0-1: Ground out 6-3 (Groundball, 6MS, EV 68.1 MPH)
|
|
Batting: LHB Ryan Lowe
|
0-0: Ball 1-0: Fly out, F7 (Flyball, 78M, EV 86.9 MPH)
|
| Top of the 6th over - 0 runs, 0 hits, 0 errors, 0 left on base; Seattle (APP) 0 - Bluefield 6 |
| BOTTOM OF THE 6TH |
|
Bluefield Blue Jays batting - Pitching for Seattle (APP) Mariners : LHP Adam Parrish
|
|
Batting: RHB Selam Chimsima
|
0-0: Fly out, F1 (Line Drive, P, EV 67.5 MPH)
|
|
Batting: RHB Justin Geiger
|
0-0: Fly out, F4 (Flyball, 34D, EV 88.1 MPH)
|
|
Batting: RHB Jose Ontiveros
|
0-0: Fly out, F7 (Flyball, 7S, EV 91.3 MPH)
|
| Bottom of the 6th over - 0 runs, 0 hits, 0 errors, 0 left on base; Seattle (APP) 0 - Bluefield 6 |
| TOP OF THE 7TH |
|
Seattle (APP) Mariners batting - Pitching for Bluefield Blue Jays : RHP Eric Bessire
|
|
Batting: RHB Hideo Okimura
|
0-0: SINGLE (Groundball, 56D, EV 105.0 MPH)
|
|
Batting: SHB Tony Morales
|
0-0: Foul Ball, location: 2F 0-1: Ball 1-1: Fielders Choice at 2nd, 2-6 (Groundball, 2R, EV 65.6 MPH)
|
|
Batting: RHB Enrique Valdez
|
0-0: Called Strike Tony Morales steals 2nd base 0-1: Swinging Strike 0-2: Strikes out swinging
|
|
Pitching: LHP Bruce Knight
|
|
|
Batting: RHB Ivan Davila
|
0-0: Swinging Strike 0-1: Ball 1-1: Ball 2-1: Foul Ball, location: 2F 2-2: Strikes out swinging
|
| Top of the 7th over - 0 runs, 1 hit, 0 errors, 1 left on base; Seattle (APP) 0 - Bluefield 6 |
| BOTTOM OF THE 7TH |
|
Bluefield Blue Jays batting - Pitching for Seattle (APP) Mariners : LHP Adam Parrish
|
|
Batting: RHB Taylor Peavey
|
0-0: Ball 1-0: Foul Ball, location: 2F 1-1: Ball 2-1: Ball 3-1: Foul Ball, location: 2F 3-2: Foul Ball, location: 2F 3-2: SINGLE (Groundball, 4S, EV 68.8 MPH) (infield hit)
|
|
Pitching: RHP Willie Sanchez
|
|
|
Batting: RHB Jordan Fairburn
|
0-0: Ball 1-0: Ball 2-0: Ball 3-0: Called Strike 3-1: Base on Balls Taylor Peavey to second
|
|
Batting: SHB Ryan Chicoine
|
0-0: Called Strike 0-1: Ball 1-1: Ball 2-1: Ball 3-1: Foul Ball, location: 2F 3-2: Base on Balls Taylor Peavey to third Jordan Fairburn to second
|
|
Batting: RHB Tokuji Kawabata
|
0-0: Foul Ball, location: 2F 0-1: Ball 1-1: Foul Ball, location: 2F 1-2: Strikes out swinging
|
|
Batting: RHB Rich Cracchiolo
|
0-0: Called Strike 0-1: SINGLE (Line Drive, 89S, EV 101.9 MPH) Taylor Peavey scores Jordan Fairburn to third Ryan Chicoine to second
|
|
Batting: RHB Wade Diamond
|
0-0: Swinging Strike 0-1: DOUBLE (Line Drive, 9LD, EV 100.6 MPH) Jordan Fairburn scores Ryan Chicoine scores Rich Cracchiolo to third Runner from 3rd tries for Home, SAFE, no throw by RF
|
|
Batting: RHB Selam Chimsima
|
0-0: Ball 1-0: Foul Ball, location: 2F 1-1: Called Strike 1-2: Ball 2-2: Ground out 4-3 (Groundball, 4, EV 84.4 MPH) Wade Diamond to third
|
|
Batting: RHB Justin Geiger
|
0-0: Ball 1-0: Ball 2-0: Foul Ball, location: 2F 2-1: Fly out, F9 (Flyball, 89D, EV 104.4 MPH)
|
| Bottom of the 7th over - 4 runs, 3 hits, 0 errors, 1 left on base; Seattle (APP) 0 - Bluefield 10 |
| TOP OF THE 8TH |
|
Seattle (APP) Mariners batting - Pitching for Bluefield Blue Jays : LHP Bruce Knight
|
|
Batting: RHB Franklin Romero
|
0-0: Swinging Strike 0-1: Foul Ball, location: 2F 0-2: Foul Ball, location: 2F 0-2: Ground out 6-3 (Groundball, 56D, EV 87.5 MPH)
|
|
Batting: RHB Houston Brock
|
0-0: SINGLE (Groundball, 5S, EV 68.1 MPH) (infield hit)
|
|
Batting: RHB Kikuo Sato
|
0-0: Ball 1-0: Fly out, F8 (Flyball, 8LD, EV 105.6 MPH)
|
|
Batting: RHB Mike Conaway
|
0-0: Called Strike 0-1: Ball 1-1: Fly out, F7 (Flyball, 7S, EV 83.8 MPH)
|
| Top of the 8th over - 0 runs, 1 hit, 0 errors, 1 left on base; Seattle (APP) 0 - Bluefield 10 |
| BOTTOM OF THE 8TH |
|
Bluefield Blue Jays batting - Pitching for Seattle (APP) Mariners : RHP Willie Sanchez
|
|
Batting: RHB Jose Ontiveros
|
0-0: Ball 1-0: Foul Ball, location: 2F 1-1: Called Strike 1-2: Strikes out swinging
|
|
Batting: RHB Taylor Peavey
|
0-0: Fly out, F8 (Flyball, 8RXD, EV 108.8 MPH)
|
|
Batting: RHB Jordan Fairburn
|
0-0: Ball 1-0: Foul Ball, location: 2F 1-1: Ball 2-1: Ball 3-1: Swinging Strike 3-2: Foul Ball, location: 2F 3-2: Strikes out swinging
|
| Bottom of the 8th over - 0 runs, 0 hits, 0 errors, 0 left on base; Seattle (APP) 0 - Bluefield 10 |
| TOP OF THE 9TH |
|
Seattle (APP) Mariners batting - Pitching for Bluefield Blue Jays : LHP Bruce Knight
|
|
Batting: LHB Ryan Lowe
|
0-0: Ball 1-0: Fly out, F7 (Line Drive, 7, EV 90.6 MPH)
|
|
Batting: RHB Hideo Okimura
|
0-0: Called Strike 0-1: Called Strike 0-2: Fly out, F8 (Flyball, 89D, EV 103.1 MPH)
|
|
Batting: SHB Tony Morales
|
0-0: Ball 1-0: SINGLE (Groundball, 56D, EV 98.8 MPH)
|
|
Batting: RHB Enrique Valdez
|
0-0: Ball 1-0: Ball 2-0: Foul Ball, location: 2F 2-1: Ball 3-1: Fielders Choice at 2nd, 6-4 (Groundball, 6, EV 106.3 MPH)
|
| Top of the 9th over - 0 runs, 1 hit, 0 errors, 1 left on base; Seattle (APP) 0 - Bluefield 10 |
|